SAA
TOLEDO SABOTEURS @ ST. PETERSBURG THUNDER
07/17/2042
 
TOP OF THE 1ST
Toledo Saboteurs batting - Pitching for St. Petersburg Thunder : LHP Bhagavan Antle
Pitching: LHP Bhagavan Antle
Batting: LHB Doug Pollock 0-0: Called Strike
0-1: SINGLE (Flyball, 9LM, EV 94.4 MPH)
Batting: RHB Ron Ficco 0-0: Called Strike
0-1: Called Strike
0-2: Ball
1-2: SINGLE (Groundball, 4MD, EV 95.0 MPH)
Doug Pollock to second
Batting: RHB Niek Bendt 0-0: Fly out, F9 (Flyball, 9D, EV 95.6 MPH)
Runner from 2nd tags up, SAFE at 3rd, no throw by RF
Batting: RHB Coy MacKey 0-0: Called Strike
Ron Ficco steals 2nd base
0-1: Ball
1-1: Swinging Strike
1-2: Ball
2-2: Ball
3-2: DOUBLE (Groundball, 5L, EV 100.6 MPH)
Doug Pollock scores
Ron Ficco scores
Batting: SHB Ralph Titus 0-0: Ball
1-0: Called Strike
1-1: Swinging Strike
1-2: Strikes out swinging
Batting: LHB Gwang-soo Deungjeong 0-0: Foul Ball, location: 2F
0-1: Swinging Strike
0-2: SINGLE (Flyball, 7S, EV 88.8 MPH)
Coy MacKey to third
Runner from 3rd tries for Home, SAFE, throw by LF to home
Batting: SHB Manuel Ortíz 0-0: Ball
Gwang-soo Deungjeong steals 2nd, throwing error, E2
Gwang-soo Deungjeong to third
1-0: Foul Ball, location: 2F
1-1: Foul Ball, location: 2F
1-2: Strikes out swinging
Top of the 1st over - 3 runs, 4 hits, 1 error, 1 left on base; Toledo 3 - St. Petersburg 0
BOTTOM OF THE 1ST
St. Petersburg Thunder batting - Pitching for Toledo Saboteurs : RHP Hakumele Apelama
Pitching: RHP Hakumele Apelama
Batting: RHB Gene Blanton 0-0: Ball
1-0: Ground out 6-3 (Groundball, 6, EV 86.9 MPH)
Batting: RHB Alfred Coleman 0-0: Ball
1-0: Ball
2-0: Fly out, F7 (Flyball, 78D, EV 104.4 MPH)
Batting: SHB Fernando Urby 0-0: Swinging Strike
0-1: Ball
1-1: Foul Ball, location: 2F
1-2: Ball
2-2: Strikes out looking
Bottom of the 1st over - 0 runs, 0 hits, 0 errors, 0 left on base; Toledo 3 - St. Petersburg 0
TOP OF THE 2ND
Toledo Saboteurs batting - Pitching for St. Petersburg Thunder : LHP Bhagavan Antle
Batting: RHB Pedro Trevino 0-0: Ball
1-0: Ball
2-0: Called Strike
2-1: Fly out, F9 (Flyball, 9S, EV 70.0 MPH)
Batting: LHB Xie-li Shiu 0-0: Ball
1-0: Called Strike
1-1: Called Strike
1-2: Ball
2-2: Fly out, F8 (Line Drive, 8RM, EV 84.4 MPH)
Batting: LHB Doug Pollock 0-0: Called Strike
0-1: Foul Ball, location: 2F
0-2: Ball
1-2: Ball
2-2: Ground out U3 (Groundball, 34, EV 99.4 MPH)
Top of the 2nd over - 0 runs, 0 hits, 0 errors, 0 left on base; Toledo 3 - St. Petersburg 0
BOTTOM OF THE 2ND
St. Petersburg Thunder batting - Pitching for Toledo Saboteurs : RHP Hakumele Apelama
Batting: RHB António Hierro 0-0: Ball
1-0: Foul Ball, location: 2F
1-1: Called Strike
1-2: Ball
2-2: Foul Ball, location: 2F
2-2: Ball
3-2: Foul Ball, location: 2F
3-2: SINGLE (Groundball, 4D, EV 112.5 MPH)
Batting: RHB Patrício Gerardes 0-0: Ball
1-0: Foul Ball, location: 2F
1-1: Called Strike
1-2: Ground out 3-1 (Groundball, 34S, EV 72.5 MPH)
António Hierro to second
Batting: RHB John Crosby 0-0: Ball
1-0: Swinging Strike
1-1: Foul Ball, location: 2F
1-2: Fly out, F7 (Flyball, 78M, EV 90.0 MPH)
Batting: RHB Curtis Tiger 0-0: Fly out, F4 (Line Drive, 4, EV 65.0 MPH)
Bottom of the 2nd over - 0 runs, 1 hit, 0 errors, 1 left on base; Toledo 3 - St. Petersburg 0
TOP OF THE 3RD
Toledo Saboteurs batting - Pitching for St. Petersburg Thunder : LHP Bhagavan Antle
Batting: RHB Ron Ficco 0-0: Ground out 5-3 (Groundball, 56S, EV 92.5 MPH)
Batting: RHB Niek Bendt 0-0: Foul Ball, location: 2F
0-1: DOUBLE (Flyball, 89XD, EV 110.6 MPH)
Batting: RHB Coy MacKey 0-0: Ball
1-0: Called Strike
1-1: Foul Ball, location: 2F
1-2: Strikes out swinging
Batting: SHB Ralph Titus 0-0: Called Strike
0-1: Ball
1-1: Ball
2-1: Foul Ball, location: 2F
2-2: Strikes out swinging
Top of the 3rd over - 0 runs, 1 hit, 0 errors, 1 left on base; Toledo 3 - St. Petersburg 0
BOTTOM OF THE 3RD
St. Petersburg Thunder batting - Pitching for Toledo Saboteurs : RHP Hakumele Apelama
Batting: RHB Juan Guzmán 0-0: Foul Ball, location: 2F
0-1: Ground out 1-3 (Groundball, 13S, EV 70.0 MPH)
Batting: SHB Tekkan Hayagawa 0-0: Called Strike
0-1: Ball
1-1: Called Strike
1-2: Fly out, F7 (Flyball, 78S, EV 93.1 MPH)
Batting: RHB Gene Blanton 0-0: Called Strike
0-1: Ball
1-1: Swinging Strike
1-2: Ball
2-2: Reached on error, E3 (Groundball, 34, EV 86.2 MPH)
Batting: RHB Alfred Coleman 0-0: Foul Ball, location: 2F
0-1: Foul Ball, location: 2F
0-2: Ball
Gene Blanton steals 2nd base
1-2: Foul Ball, location: 2F
1-2: Fly out, F3 (Line Drive, 3, EV 61.2 MPH)
Bottom of the 3rd over - 0 runs, 0 hits, 1 error, 1 left on base; Toledo 3 - St. Petersburg 0
TOP OF THE 4TH
Toledo Saboteurs batting - Pitching for St. Petersburg Thunder : LHP Bhagavan Antle
Batting: LHB Gwang-soo Deungjeong 0-0: Called Strike
0-1: Ground out 5-3 (Groundball, 56, EV 101.2 MPH)
Batting: SHB Manuel Ortíz 0-0: Ball
1-0: Ball
2-0: Foul Ball, location: 2F
2-1: Ball
3-1: Fly out, F8 (Flyball, 89D, EV 92.5 MPH)
Batting: RHB Pedro Trevino 0-0: Ball
1-0: Fly out, F9 (Flyball, 9, EV 93.8 MPH)
Top of the 4th over - 0 runs, 0 hits, 0 errors, 0 left on base; Toledo 3 - St. Petersburg 0
BOTTOM OF THE 4TH
St. Petersburg Thunder batting - Pitching for Toledo Saboteurs : RHP Hakumele Apelama
Batting: SHB Fernando Urby 0-0: Called Strike
0-1: Ball
1-1: SOLO HOME RUN (Line Drive, 9LD, EV 107.5 MPH), Distance : 343 ft
Batting: RHB António Hierro 0-0: Swinging Strike
0-1: Ball
1-1: Ball
2-1: Called Strike
2-2: Ball
3-2: Strikes out swinging
Batting: RHB Patrício Gerardes 0-0: DOUBLE (Line Drive, 9LM, EV 108.8 MPH)
Batting: RHB John Crosby 0-0: Ball
1-0: Ball
2-0: Foul Ball, location: 2F
2-1: Fly out, F8 (Line Drive, 8LM, EV 86.9 MPH)
Batting: RHB Curtis Tiger 0-0: Foul Ball, location: 2F
0-1: Foul Ball, location: 2F
0-2: Fly out, F7 (Line Drive, 7S, EV 107.5 MPH)
Bottom of the 4th over - 1 run, 2 hits, 0 errors, 1 left on base; Toledo 3 - St. Petersburg 1
TOP OF THE 5TH
Toledo Saboteurs batting - Pitching for St. Petersburg Thunder : LHP Bhagavan Antle
Batting: LHB Xie-li Shiu 0-0: Ball
1-0: Ball
2-0: SINGLE (Groundball, 4D, EV 95.0 MPH)
Batting: LHB Doug Pollock 0-0: Ball
1-0: Bunted foul
1-1: Bunted foul
1-2: Foul Ball, location: 2F
1-2: Ball
2-2: Ball
3-2: Fielders Choice at 2nd, 4-6 (Groundball, 4, EV 77.5 MPH)
Batting: RHB Ron Ficco 0-0: Ball
1-0: Ball
2-0: Foul Ball, location: 2F
2-1: Foul Ball, location: 2F
2-2: Foul Ball, location: 2F
2-2: Foul Ball, location: 2F
2-2: Foul Ball, location: 2F
2-2: Foul Ball, location: 2F
2-2: Ball
3-2: Foul Ball, location: 2F
3-2: Grounds into double play, 5-4-3 (Groundball, 5, EV 100.0 MPH)
Top of the 5th over - 0 runs, 1 hit, 0 errors, 0 left on base; Toledo 3 - St. Petersburg 1
BOTTOM OF THE 5TH
St. Petersburg Thunder batting - Pitching for Toledo Saboteurs : RHP Hakumele Apelama
Batting: RHB Juan Guzmán 0-0: Ball
1-0: SINGLE (Groundball, 6, EV 86.9 MPH) (infield hit)
Batting: SHB Tekkan Hayagawa 0-0: Sac Bunt to 13S - play at second, runner OUT! 1-6
Batting: RHB Gene Blanton 0-0: Ball
1-0: Called Strike
1-1: Ball
2-1: Called Strike
2-2: Fly out, F8 (Flyball, 8LM, EV 80.6 MPH)
Batting: RHB Alfred Coleman 0-0: Ball
1-0: Foul Ball, location: 2F
1-1: Ball
2-1: Swinging Strike
2-2: Fly out, F8 (Flyball, 8LD, EV 93.1 MPH)
Bottom of the 5th over - 0 runs, 1 hit, 0 errors, 1 left on base; Toledo 3 - St. Petersburg 1
TOP OF THE 6TH
Toledo Saboteurs batting - Pitching for St. Petersburg Thunder : LHP Bhagavan Antle
Batting: RHB Niek Bendt 0-0: Ball
1-0: Called Strike
1-1: Foul Ball, location: 2F
1-2: Ball
2-2: Foul Ball, location: 2F
2-2: Foul Ball, location: 2F
2-2: Ball
3-2: Ground out U3 (Groundball, 3, EV 106.2 MPH)
Batting: RHB Coy MacKey 0-0: Foul Ball, location: 2F
0-1: Ball
1-1: Ball
2-1: Ball
3-1: Fly out, F8 (Flyball, 8RXD, EV 81.2 MPH)
Batting: SHB Ralph Titus 0-0: Called Strike
0-1: Ground out 4-3 (Groundball, 4, EV 83.1 MPH)
Top of the 6th over - 0 runs, 0 hits, 0 errors, 0 left on base; Toledo 3 - St. Petersburg 1
BOTTOM OF THE 6TH
St. Petersburg Thunder batting - Pitching for Toledo Saboteurs : RHP Hakumele Apelama
Batting: SHB Fernando Urby 0-0: Called Strike
0-1: Ball
1-1: Ball
2-1: Swinging Strike
2-2: Strikes out swinging
Batting: RHB António Hierro 0-0: Ground out U3 (Groundball, 3, EV 93.1 MPH)
Batting: RHB Patrício Gerardes 0-0: Ball
1-0: Foul Ball, location: 2F
1-1: Ball
2-1: Ground out U3 (Groundball, 3, EV 85.6 MPH)
Bottom of the 6th over - 0 runs, 0 hits, 0 errors, 0 left on base; Toledo 3 - St. Petersburg 1
TOP OF THE 7TH
Toledo Saboteurs batting - Pitching for St. Petersburg Thunder : LHP Bhagavan Antle
Pitching: RHP Alex O'Dell
Batting: LHB Gwang-soo Deungjeong 0-0: Foul Ball, location: 2F
0-1: SINGLE (Groundball, P, EV 75.0 MPH) (infield hit)
Batting: SHB Manuel Ortíz 0-0: Ball
1-0: Called Strike
1-1: Ball
2-1: Foul Ball, location: 2F
2-2: Ball
3-2: Foul Ball, location: 2F
3-2: Strikes out swinging
Gwang-soo Deungjeong is caught stealing 2nd base 2-6
Batter strikes out.
Batting: RHB Pedro Trevino 0-0: Called Strike
0-1: Foul Ball, location: 2F
0-2: Strikes out swinging passed ball, reaches first!
Batting: LHB Xie-li Shiu 0-0: Ball
1-0: Foul Ball, location: 2F
1-1: Ball
2-1: Foul Ball, location: 2F
2-2: Ball
3-2: Foul Ball, location: 2F
3-2: Fly out, F8 (Flyball, 8RD, EV 90.0 MPH)
Top of the 7th over - 0 runs, 1 hit, 0 errors, 1 left on base; Toledo 3 - St. Petersburg 1
BOTTOM OF THE 7TH
St. Petersburg Thunder batting - Pitching for Toledo Saboteurs : RHP Hakumele Apelama
Batting: RHB John Crosby 0-0: Ball
1-0: Ball
2-0: Called Strike
2-1: Ball
3-1: Base on Balls
Batting: RHB Curtis Tiger 0-0: Foul Ball, location: 2F
0-1: Ball
1-1: Swinging Strike
1-2: Strikes out looking
Batting: RHB Juan Guzmán 0-0: Ball
1-0: SINGLE (Groundball, 6MD, EV 105.0 MPH)
John Crosby to second
Pinch Hitting: LHB Caspar Fewings 0-0: Called Strike
0-1: Fielders Choice at 2nd, 6-4 (Groundball, 6M, EV 86.9 MPH)
John Crosby to third
Batting: RHB Gene Blanton 0-0: Foul Ball, location: 2F
0-1: Called Strike
0-2: Foul Ball, location: 2F
0-2: SINGLE (Line Drive, 34D, EV 105.0 MPH)
John Crosby scores
Caspar Fewings to second
Batting: RHB Alfred Coleman 0-0: Foul Ball, location: 2F
0-1: Called Strike
0-2: Strikes out swinging
Bottom of the 7th over - 1 run, 2 hits, 0 errors, 2 left on base; Toledo 3 - St. Petersburg 2
TOP OF THE 8TH
Toledo Saboteurs batting - Pitching for St. Petersburg Thunder : RHP Alex O'Dell
Now at SS: Leonard Davis
Batting: LHB Doug Pollock 0-0: Fly out, F6 (Popup, 6MS, EV 71.2 MPH)
Batting: RHB Ron Ficco 0-0: Ball
1-0: Called Strike
1-1: Called Strike
1-2: Ball
2-2: Strikes out swinging
Batting: RHB Niek Bendt 0-0: SOLO HOME RUN (Flyball, 7D, EV 90.0 MPH), Distance : 383 ft
Batting: RHB Coy MacKey 0-0: Ground out 5-3 (Groundball, 56S, EV 84.4 MPH)
Top of the 8th over - 1 run, 1 hit, 0 errors, 0 left on base; Toledo 4 - St. Petersburg 2
BOTTOM OF THE 8TH
St. Petersburg Thunder batting - Pitching for Toledo Saboteurs : RHP Hakumele Apelama
Batting: SHB Fernando Urby 0-0: Ball
1-0: Ball
2-0: Swinging Strike
2-1: Ground out 4-3 (Groundball, 4, EV 83.8 MPH)
Batting: RHB António Hierro 0-0: Called Strike
0-1: Ball
1-1: Swinging Strike
1-2: Ball
2-2: Strikes out looking
Batting: RHB Patrício Gerardes 0-0: Called Strike
0-1: Foul Ball, location: 2F
0-2: Ball
1-2: Fly out, F8 (Line Drive, 8RD, EV 95.6 MPH)
Bottom of the 8th over - 0 runs, 0 hits, 0 errors, 0 left on base; Toledo 4 - St. Petersburg 2
TOP OF THE 9TH
Toledo Saboteurs batting - Pitching for St. Petersburg Thunder : RHP Alex O'Dell
Batting: SHB Ralph Titus 0-0: Called Strike
0-1: Fly out, F8 (Line Drive, 8LM, EV 95.6 MPH)
Batting: LHB Gwang-soo Deungjeong 0-0: Ball
1-0: Ground out 1-3 (Groundball, 34S, EV 69.4 MPH)
Batting: SHB Manuel Ortíz 0-0: Called Strike
0-1: Ball
1-1: Ball
2-1: Ball
3-1: Swinging Strike
3-2: Foul Ball, location: 2F
3-2: Strikes out looking
Top of the 9th over - 0 runs, 0 hits, 0 errors, 0 left on base; Toledo 4 - St. Petersburg 2
BOTTOM OF THE 9TH
St. Petersburg Thunder batting - Pitching for Toledo Saboteurs : RHP Hakumele Apelama
Pitching: RHP Jim Harris
Now in CF: Brian Crocker
Batting: RHB John Crosby 0-0: Ball
1-0: Ball
2-0: Called Strike
2-1: Foul Ball, location: 2F
2-2: Strikes out swinging
Batting: RHB Curtis Tiger 0-0: Called Strike
0-1: Swinging Strike
0-2: Ball
1-2: Foul Ball, location: 2F
1-2: Ball
2-2: Foul Ball, location: 2F
2-2: Strikes out swinging
Batting: RHB Juan Guzmán 0-0: Ball
1-0: Ball
2-0: Foul Ball, location: 2F
2-1: Fly out, F9 (Flyball, 9LD, EV 89.4 MPH)
Bottom of the 9th over - 0 runs, 0 hits, 0 errors, 0 left on base; Toledo 4 - St. Petersburg 2
Friday, March 26th, 2021 - OOTP Baseball 20.8 Build 74